[Event "Titled Tuesday Blitz August 22 Early 2023"]
[White "Orlov, Georgi"]
[Black "Sarkar, Justin"]
[WhiteFideId "2011271"]
[BlackFideId "2010011"]
[WhiteElo "2536"]
[BlackElo "2229"]
[Result "1-0"]
[Round "5"]
[TimeControl "180+1"]
[Date "2023.08.22"]
[WhiteClock "0:01:17"]
[BlackClock "0:00:00"]
[Board "228"]

1. d4 Nf6 2. Nf3 g6 3. c4 Bg7 4. Nc3 O-O 5. e4 d6 6. Be2 e5 7. O-O Nbd7 8. Qc2 Re8 9. Rd1 exd4 10. Nxd4 Nc5 11. f3 a5 12. Be3 Bd7 13. Ndb5 h5 14. Bg5 Ne6 15. Bh4 g5 16. Bf2 g4 17. Bh4 Nf4 18. Bf1 gxf3 19. gxf3 Ng6 20. Bg5 Qc8 21. Bxf6 Bxf6 22. Nd5 Bd8 23. c5 dxc5 24. Qxc5 Bxb5 25. Bxb5 c6 26. Rac1 Qh3 27. Bf1 1-0


[Site "https://www.chess.com"]

[Event "Titled Tuesday Blitz August 22 Early 2023"]
[White "Mihailidis, Anastasios"]
[Black "Kiseleva, Arina"]
[WhiteFideId "4205588"]
[BlackFideId "4164989"]
[WhiteElo "2512"]
[BlackElo "2225"]
[Result "1-0"]
[Round "5"]
[TimeControl "180+1"]
[Date "2023.08.22"]
[WhiteClock "0:00:35"]
[BlackClock "0:00:02"]
[Board "229"]

1. e4 c6 2. d4 d5 3. exd5 cxd5 4. Bd3 Nc6 5. c3 Nf6 6. Bf4 g6 7. Nd2 Bf5 8. Bxf5 gxf5 9. Ngf3 e6 10. Ne5 Ne4 11. Nxe4 fxe4 12. Qh5 Nxe5 13. Bxe5 Rg8 14. g3 h6 15. O-O Qg5 16. Qh3 Bg7 17. Bf4 Qg6 18. Rae1 h5 19. f3 exf3 20. Rxf3 Qg4 21. Qg2 O-O-O 22. h3 Qg6 23. h4 Bf6 24. Qh3 Qg4 25. Qxg4 Rxg4 26. Kh2 Rdg8 27. Re2 Bxh4 28. gxh4 Rxh4+ 29. Rh3 Rxf4 30. Rxh5 Rfg4 31. Rh7 b5 32. Kh3 Rg1 33. Kh2 R1g6 34. Rf2 f5 35. b3 a5 36. Rc2 Kb8 37. c4 dxc4 38. bxc4 b4 39. c5 Rg4 40. c6 Rxd4 41. Rb7+ Kc8 42. Rh7 Rgd8 43. Rc5 a4 44. Ra5 Rd2+ 45. Kg3 Rg8+ 46. Kf4 Kb8 47. c7+ Kb7 48. Rb5+ Kc6 49. Rxb4 Rg4+ 50. Ke5 Rxb4 51. c8=Q+ Kb5 52. Rb7+ Ka5 53. Qa8# 1-0


[Site "https://www.chess.com"]

[Event "Titled Tuesday Blitz August 22 Early 2023"]
[White "hsd2016"]
[Black "Carrasco Miranda, Andres"]
[BlackFideId "3405990"]
[WhiteElo "2215"]
[BlackElo "2386"]
[Result "0-1"]
[Round "5"]
[TimeControl "180+1"]
[Date "2023.08.22"]
[WhiteClock "0:00:00"]
[BlackClock "0:01:12"]
[Board "230"]

1. e4 e5 2. Nf3 Nc6 3. Bb5 Nf6 4. O-O Nxe4 5. Re1 Nd6 6. Nxe5 Be7 7. Bf1 Nxe5 8. Rxe5 O-O 9. Nc3 Bf6 10. Re1 c6 11. d4 Re8 12. Be3 Nf5 13. Qg4 d5 14. Qd1 Nxe3 15. fxe3 Bf5 16. Bd3 Qd7 17. Bxf5 Qxf5 18. Qd2 Bg5 19. Re2 Re6 20. Rf1 Qg6 21. Rf3 Rae8 22. Nd1 Qe4 23. Nf2 Qg6 24. Nd1 h5 25. b3 h4 26. Nf2 Qh5 27. Nd1 g6 28. Nf2 a6 29. Nd1 Rf6 30. Rxf6 Bxf6 31. Rf2 Bg7 32. Qe2 Qxe2 33. Rxe2 Bxd4 34. Kf2 Bc5 35. c3 Bd6 36. Nb2 Bxh2 37. Nd3 Bg3+ 38. Kf1 b6 39. Nb4 c5 40. Nxa6 Ra8 0-1


[Site "https://www.chess.com"]

[Event "Titled Tuesday Blitz August 22 Early 2023"]
[White "Pace, Christopher"]
[Black "Larina, Maria"]
[WhiteFideId "2610167"]
[BlackFideId "24113182"]
[WhiteElo "2321"]
[BlackElo "2188"]
[Result "1-0"]
[Round "5"]
[TimeControl "180+1"]
[Date "2023.08.22"]
[WhiteClock "0:00:15"]
[BlackClock "0:00:25"]
[Board "232"]

1. e4 c6 2. d4 d5 3. Nc3 dxe4 4. Nxe4 Nf6 5. Nxf6+ exf6 6. c3 Bd6 7. Bd3 O-O 8. Qc2 Re8+ 9. Ne2 h5 10. O-O h4 11. h3 Nd7 12. Be3 Nf8 13. Rad1 b5 14. b3 Bc7 15. c4 b4 16. d5 cxd5 17. cxd5 g5 18. Rc1 Bb8 19. Qc6 Bd7 20. Qa6 Qe7 21. Nd4 Qe5 22. Nf3 Qe7 23. Bd4 Qd6 24. Qxd6 Bxd6 25. Bxf6 Bf4 26. Rce1 Nh7 27. Bxh7+ Kxh7 28. Bxg5 Bd6 29. Bxh4 Rg8 30. Be7 Bf4 31. Kh1 Rg6 32. Re4 Bc7 33. Rh4+ Kg7 34. Rc1 Bb6 35. Bc5 Bd8 36. Bd4+ f6 37. Rf4 Be7 38. Rc7 Bd6 39. Rxd7+ Kh6 40. Rxd6 Re8 41. Rfxf6 Re2 42. Rxg6+ Kh5 43. Rg5# 1-0


[Site "https://www.chess.com"]

[Event "Titled Tuesday Blitz August 22 Early 2023"]
[White "Acikel, Mert"]
[Black "Johnson, Ben"]
[WhiteFideId "12956465"]
[BlackFideId "2010917"]
[WhiteElo "2291"]
[BlackElo "2132"]
[Result "1-0"]
[Round "5"]
[TimeControl "180+1"]
[Date "2023.08.22"]
[WhiteClock "0:00:19"]
[BlackClock "0:00:06"]
[Board "233"]

1. e4 c5 2. Nf3 g6 3. c3 d5 4. exd5 Qxd5 5. d4 Bg7 6. Be3 cxd4 7. Bxd4 Nf6 8. Be2 Nc6 9. Be3 O-O 10. O-O Bg4 11. h3 Bf5 12. Qb3 Qxb3 13. axb3 Nd5 14. Bg5 h6 15. Bh4 Nf4 16. Bc4 a6 17. b4 b5 18. Bb3 Ne2+ 19. Kh2 g5 20. Bg3 Nxg3 21. fxg3 Bd3 22. Re1 e6 23. Nbd2 Rfd8 24. Ne4 Ne7 25. Nc5 Nf5 26. Rad1 Bc4 27. Bxc4 bxc4 28. Rxd8+ Rxd8 29. Nxa6 Bf8 30. g4 Bd6+ 31. Kg1 Ne7 32. Rd1 Nd5 33. Rd4 Bf4 34. Rxc4 Be3+ 35. Kf1 Bb6 36. Re4 Ne3+ 37. Ke2 Nxg2 38. c4 Nf4+ 39. Kf1 Rd1+ 40. Re1 Rd3 41. Ne5 Rxh3 42. c5 Bc7 43. Nxc7 Rb3 44. Na6 Rxb2 45. c6 Nh3 46. Re2 Rb1+ 47. Re1 Rb2 48. Rc1 Rf2+ 49. Ke1 Rf4 50. c7 1-0


[Site "https://www.chess.com"]

[Event "Titled Tuesday Blitz August 22 Early 2023"]
[White "Kula, Robert"]
[Black "Wang, Alexander J"]
[WhiteFideId "1101218"]
[BlackFideId "30955270"]
[WhiteElo "2110"]
[BlackElo "2290"]
[Result "1-0"]
[Round "5"]
[TimeControl "180+1"]
[Date "2023.08.22"]
[WhiteClock "0:00:54"]
[BlackClock "0:00:35"]
[Board "234"]

1. e4 c5 2. Nf3 d6 3. c4 Nf6 4. Nc3 g6 5. d3 Bg7 6. Be2 O-O 7. O-O Nc6 8. h3 Nd7 9. Bg5 h6 10. Be3 a6 11. Qd2 Kh7 12. Nh2 Rb8 13. Ng4 h5 14. Nh2 Nd4 15. Bd1 b5 16. g4 bxc4 17. dxc4 Ne5 18. b3 hxg4 19. hxg4 Bxg4 20. Bxg4 Nxg4 21. Bxd4 Nxh2 22. Kxh2 cxd4 23. Nd5 e6 24. Nf4 Be5 25. Kg3 Kg7 26. Kf3 Rh8 27. Rh1 Qf6 28. Rag1 Rxh1 29. Rxh1 g5 30. Ke2 Qxf4 31. Qd3 Rh8 32. Rg1 Rh2 33. Rf1 Qg4+ 34. Ke1 Qf4 35. Ke2 g4 36. Ke1 g3 37. fxg3 Qxg3+ 38. Qxg3+ Bxg3+ 39. Kd1 Be5 40. a4 Rb2 41. Rf3 f5 42. exf5 exf5 43. Kc1 Ra2 44. Rxf5 Ra3 45. Kb2 Rxb3+ 46. Kxb3 Kg6 47. Rf8 Kg5 48. Kc2 Kg4 49. Kd3 Kg3 50. Ra8 1-0


[Site "https://www.chess.com"]

[Event "Titled Tuesday Blitz August 22 Early 2023"]
[White "EvgenyBurmakin"]
[Black "Nugumanov, Bakhtiyar"]
[BlackFideId "13701797"]
[WhiteElo "2286"]
[BlackElo "2102"]
[Result "0-1"]
[Round "5"]
[TimeControl "180+1"]
[Date "2023.08.22"]
[WhiteClock "0:00:00"]
[BlackClock "0:00:10"]
[Board "235"]

1. e4 e6 2. d4 d5 3. Nd2 Be7 4. e5 c5 5. c3 Nc6 6. Ndf3 Bd7 7. a3 f6 8. Bf4 fxe5 9. Nxe5 Nf6 10. Ngf3 O-O 11. Bg3 Ne4 12. Bd3 Bf6 13. Nxd7 Qxd7 14. O-O cxd4 15. cxd4 Nxd4 16. Bxe4 dxe4 17. Ne5 Qd5 18. Ng4 Nb3 19. Rb1 Nd2 20. Ne3 Qd3 21. Qc2 Nxf1 22. Rxf1 Rac8 23. Qa4 Bxb2 24. Qxa7 b5 25. Qb6 Qb3 26. Qb7 Rc1 27. Qxe4 Bxa3 0-1


[Site "https://www.chess.com"]

[Event "Titled Tuesday Blitz August 22 Early 2023"]
[White "Ottosen, David"]
[Black "GAO"]
[WhiteFideId "2603080"]
[WhiteElo "2102"]
[BlackElo "2274"]
[Result "0-1"]
[Round "5"]
[TimeControl "180+1"]
[Date "2023.08.22"]
[WhiteClock "0:00:15"]
[BlackClock "0:00:13"]
[Board "236"]

1. e4 c5 2. Nf3 Nc6 3. d4 cxd4 4. Nxd4 g6 5. Nc3 Bg7 6. Be3 Nf6 7. Bc4 Qa5 8. O-O Qb4 9. Nxc6 bxc6 10. Bd3 d5 11. exd5 Nxd5 12. Nxd5 cxd5 13. Qe2 O-O 14. c3 Qd6 15. Rad1 a5 16. f4 a4 17. a3 Bd7 18. f5 Rab8 19. Rf2 Be5 20. Bh6 Bxh2+ 21. Kh1 Rfe8 22. Qf3 Qg3 23. Rdf1 Qxf3 24. Rxf3 Be5 25. fxg6 fxg6 26. R1f2 Bg4 27. Rf7 Be6 28. R7f3 Bg7 29. Bc1 Rf8 30. Bc2 Bd7 31. Bg5 e5 32. Rxf8+ Rxf8 33. Rd2 d4 34. cxd4 exd4 35. Be7 Rf1+ 36. Kh2 Be5+ 37. g3 Bc6 38. Kh3 Kf7 39. Bc5 h5 40. Kh4 Bf6+ 41. Kh3 g5 42. g4 Rh1+ 43. Kg3 h4+ 44. Kf2 Rh2+ 45. Ke1 Rxd2 46. Kxd2 h3 0-1


[Site "https://www.chess.com"]

[Event "Titled Tuesday Blitz August 22 Early 2023"]
[White "Palacio,Igor Da Paz"]
[Black "Sericano, Claudio"]
[WhiteFideId "2121140"]
[BlackFideId "800473"]
[WhiteElo "2265"]
[BlackElo "2050"]
[Result "1/2-1/2"]
[Round "5"]
[TimeControl "180+1"]
[Date "2023.08.22"]
[WhiteClock "0:00:03"]
[BlackClock "0:00:14"]
[Board "237"]

1. e4 c5 2. Nc3 a6 3. g3 b5 4. Bg2 Bb7 5. d3 e6 6. f4 Nf6 7. Nf3 d5 8. O-O dxe4 9. Ng5 Be7 10. Ngxe4 Nxe4 11. Nxe4 Nc6 12. Be3 O-O 13. c3 c4 14. Nc5 Qb6 15. d4 Bxc5 16. dxc5 Qc7 17. Qd6 Rac8 18. Rad1 Ne7 19. Bxb7 Qxb7 20. Rd2 Nf5 21. Qe5 Nxe3 22. Qxe3 Qc6 23. Rd6 Qxc5 24. Qxc5 Rxc5 25. Rxa6 Rd8 26. Rf2 g6 27. Ra5 Rcd5 28. a4 bxa4 29. Rxa4 Rc5 30. Rb4 Rd3 31. Re2 Kg7 32. Kg2 Kf6 33. Kf2 Ke7 34. Re3 Rd2+ 35. Re2 Rd3 36. Re4 Rd7 37. Rbxc4 Rxc4 38. Rxc4 Rd2+ 39. Kf3 Rxb2 40. h3 Kd6 41. Rc8 h5 42. h4 Rc2 43. Rc4 e5 44. fxe5+ Kxe5 45. Rc5+ Kd6 46. Rc8 Kd7 47. Rc4 Kd6 48. Rc8 Kd7 49. Rc4 Kd6 50. Rc8 1/2-1/2


[Site "https://www.chess.com"]

[Event "Titled Tuesday Blitz August 22 Early 2023"]
[White "Simonovic, Miroslav"]
[Black "Lohani, Sujana"]
[WhiteFideId "919152"]
[BlackFideId "12311987"]
[WhiteElo "2261"]
[BlackElo "1958"]
[Result "1-0"]
[Round "5"]
[TimeControl "180+1"]
[Date "2023.08.22"]
[WhiteClock "0:01:55"]
[BlackClock "0:00:00"]
[Board "238"]

1. d4 d6 2. Bg5 c6 3. e3 Qc7 4. h4 Nf6 5. Bxf6 exf6 6. c4 Be7 7. Nc3 Be6 8. h5 Nd7 9. h6 g6 10. g4 d5 11. cxd5 cxd5 12. Rc1 Qb6 13. Qd2 O-O 14. Be2 Rac8 15. Nh3 Qd6 16. Nf4 a6 17. a3 Nb6 18. b4 Nc4 19. Qa2 Rc7 20. f3 1-0


[Site "https://www.chess.com"]

[Event "Titled Tuesday Blitz August 22 Early 2023"]
[White "Erigaisi Arjun"]
[Black "Svane, Rasmus"]
[WhiteFideId "35009192"]
[BlackFideId "4657101"]
[WhiteElo "3069"]
[BlackElo "2991"]
[Result "0-1"]
[Round "6"]
[TimeControl "180+1"]
[Date "2023.08.22"]
[WhiteClock "0:00:04"]
[BlackClock "0:00:09"]
[Board "1"]

1. b3 d5 2. Bb2 Bg4 3. f3 Bf5 4. e4 Bg6 5. exd5 Nf6 6. Bb5+ Nbd7 7. c4 a6 8. Bxd7+ Qxd7 9. Ne2 e6 10. Nf4 exd5 11. Qe2+ Kd8 12. Be5 dxc4 13. bxc4 Bc5 14. Nc3 Re8 15. Nxg6 hxg6 16. O-O-O Bd4 17. f4 Ng4 18. Nd5 Nxe5 19. fxe5 c6 20. Qe4 Bxe5 21. Nb6 Qd6 22. Kc2 Bd4 23. Qd3 Rb8 24. Rhf1 Kc7 25. Rb1 f5 26. Nd5+ cxd5 27. Qxd4 dxc4 28. Qxc4+ Qc6 29. Qxc6+ Kxc6 30. g4 Re5 31. gxf5 Rc5+ 32. Kd1 Rxf5 33. Rg1 g5 34. Rb3 Rh8 35. h3 Rd8 36. Rg2 b5 37. Rbg3 Rdd5 38. Kc2 a5 39. Re3 Kd7 40. a3 Rc5+ 41. Kb2 Rcd5 42. Kc2 Rfe5 43. Rf3 Ke7 44. Rgf2 Kd6 45. Rf7 Re7 46. Rf8 Rc7+ 47. Kb2 Rd7 48. Kc3 Rc5+ 49. Kb2 Rd5 50. Kc3 Kc6 51. Rc8+ Kb7 52. Rcf8 Rd3+ 53. Kb2 Rxd2+ 54. Rxd2 Rxd2+ 55. Kc3 Rh2 56. Rf3 Rg2 57. Rf7+ Kc6 58. Rxg7 Rg3+ 59. Kb2 Kd5 60. Rg8 Ke4 61. Rb8 Rg2+ 62. Kc3 Rg3+ 63. Kb2 b4 64. axb4 axb4 65. Rxb4+ Kf3 66. h4 g4 67. Kc2 Rh3 68. Kd2 Rxh4 69. Rb3+ Kg2 70. Ke2 g3 71. Rb8 Re4+ 72. Kd3 Re7 73. Rh8 Kg1 74. Kd2 g2 75. Rh6 Re5 76. Rh7 Kf2 77. Rf7+ Kg3 78. Rg7+ Kf3 79. Rg8 Re4 80. Kd3 Rg4 81. Rf8+ Kg3 0-1


[Site "https://www.chess.com"]

[Event "Titled Tuesday Blitz August 22 Early 2023"]
[White "Kramnik, Vladimir"]
[Black "Bortnyk, Olexandr"]
[WhiteFideId "4101588"]
[BlackFideId "14120828"]
[WhiteElo "2943"]
[BlackElo "3065"]
[Result "0-1"]
[Round "6"]
[TimeControl "180+1"]
[Date "2023.08.22"]
[WhiteClock "0:00:00"]
[BlackClock "0:00:05"]
[Board "2"]

1. d4 d6 2. Nf3 Nf6 3. g3 g6 4. Bg2 Bg7 5. O-O O-O 6. Re1 Bf5 7. Nh4 Be4 8. f3 Bc6 9. e4 e5 10. Be3 exd4 11. Bxd4 Nbd7 12. Nc3 Re8 13. Qd2 Ne5 14. Rad1 Qe7 15. b3 Rad8 16. Kh1 Qf8 17. Qf2 Ned7 18. h3 Nh5 19. Ne2 Nc5 20. g4 Bxd4 21. Rxd4 Ng7 22. Qg3 a5 23. Rdd1 Nge6 24. Nf5 gxf5 25. gxf5+ Qg7 26. fxe6 fxe6 27. Qxg7+ Kxg7 28. Nd4 e5 29. Nf5+ Kf6 30. Rg1 Ne6 31. Kh2 b5 32. Bf1 Rg8 33. Rxg8 Rxg8 34. h4 h5 35. Bh3 Nf4 36. Ng3 Ra8 37. Bf5 a4 38. b4 Be8 39. a3 Bf7 40. Kg1 Be8 41. Kf2 Ra6 42. Nf1 Rc6 43. Ne3 Rc3 44. Rg1 Rxa3 45. Rg8 Kf7 46. Rh8 Ke7 47. Rh7+ Kd8 48. Nd5 Nxd5 49. exd5 Ra1 50. Rh8 Ke7 51. Rh7+ Kf6 52. Be4 Bf7 53. Rh6+ Kg7 54. Rh7+ Kg8 55. Rh6 a3 56. Rf6 a2 0-1


[Site "https://www.chess.com"]

[Event "Titled Tuesday Blitz August 22 Early 2023"]
[White "Zhigalko, Sergei"]
[Black "Sadhwani, Raunak"]
[WhiteFideId "13502956"]
[BlackFideId "35093487"]
[WhiteElo "2943"]
[BlackElo "3034"]
[Result "0-1"]
[Round "6"]
[TimeControl "180+1"]
[Date "2023.08.22"]
[WhiteClock "0:00:00"]
[BlackClock "0:00:08"]
[Board "3"]

1. e4 e5 2. Nf3 Nc6 3. Bb5 Nf6 4. O-O Nxe4 5. d4 Nd6 6. Bxc6 dxc6 7. dxe5 Nf5 8. Qxd8+ Kxd8 9. Nc3 Bd7 10. h3 h6 11. b3 Kc8 12. Bb2 b6 13. Rad1 a5 14. a4 Be6 15. Ne2 Bd5 16. Nfd4 Nxd4 17. Nxd4 Bc5 18. Rfe1 Bxd4 19. Rxd4 Be6 20. f3 Kb7 21. Kf2 c5 22. Rd2 c4 23. Re3 cxb3 24. cxb3 Rad8 25. Ke1 h5 26. h4 Rxd2 27. Kxd2 Rd8+ 28. Kc1 c5 29. Kc2 g6 30. Bc3 Kc6 31. Be1 Bf5+ 32. Kc1 Rd4 33. g3 Be6 34. Kc2 Rd8 35. Bc3 Rg8 36. Be1 g5 37. hxg5 Rxg5 38. Kb2 Rg8 39. Kc2 Rd8 40. Bc3 Bf5+ 41. Kc1 Be6 42. Kc2 c4 43. bxc4 Bxc4 44. Be1 Be6 45. Rc3+ Kb7 46. Bf2 Rd5 47. Rb3 Rxe5 48. Rxb6+ Kc7 49. Rb5 Re2+ 50. Kd1 Rxf2 51. Rxh5 Rxf3 52. Rxa5 Rxg3 53. Kc2 Kb6 54. Rb5+ Ka6 55. Kb2 Rd3 56. Rc5 Rd5 57. Rc7 Ka5 58. Kc3 Kxa4 59. Rb7 Rc5+ 60. Kd4 Rb5 61. Ra7+ Kb4 62. Rc7 Rd5+ 63. Ke4 Rd7 64. Rc1 Kb5 65. Ke5 Rd5+ 66. Kf6 Rc5 67. Rd1 Kc6 68. Ke7 Rf5 69. Rd2 Bc4 70. Rd4 Rc5 71. Kf6 Bd5 72. Ke7 f5 73. Kf6 Be4 74. Kg5 Kb5 75. Kf4 Rc3 76. Ke5 Kc5 77. Rd8 Re3 78. Rc8+ Kb4 79. Kd4 Rd3+ 80. Ke5 Rd5+ 81. Kf4 Rc5 82. Rd8 Kc3 83. Ke3 Bc2 84. Kf4 Rc4+ 85. Ke3 Re4+ 86. Kf3 Bd3 87. Ra8 Kd2 88. Ra2+ Bc2 89. Rb2 Ra4 0-1


[Site "https://www.chess.com"]

[Event "Titled Tuesday Blitz August 22 Early 2023"]
[White "Nakamura, Hikaru"]
[Black "Xiong, Jeffery"]
[WhiteFideId "2016192"]
[BlackFideId "2047640"]
[WhiteElo "3220"]
[BlackElo "2999"]
[Result "1/2-1/2"]
[Round "6"]
[TimeControl "180+1"]
[Date "2023.08.22"]
[WhiteClock "0:00:38"]
[BlackClock "0:00:22"]
[Board "4"]

1. a3 Nf6 2. c4 c6 3. c5 b6 4. cxb6 axb6 5. d4 d5 6. Bf4 Bf5 7. e3 e6 8. Bd3 Bxd3 9. Qxd3 Bb4+ 10. Nc3 Ne4 11. Ne2 Nxc3 12. Nxc3 O-O 13. Rc1 Bd6 14. Ne2 c5 15. O-O c4 16. Qd2 Nc6 17. Bxd6 Qxd6 18. Nc3 Ra5 19. a4 Qb4 20. Rfd1 Rd8 21. Qc2 h6 22. Rb1 Raa8 23. b3 Na5 24. bxc4 Qxc4 25. Rdc1 Qc6 26. Qe2 Nc4 27. h4 Rdc8 28. h5 Qd7 29. Rb4 Rc6 30. e4 Rac8 31. exd5 exd5 32. Rd1 Nb2 33. Rxb2 Rxc3 34. Rb5 Qf5 35. Rxb6 Rc2 36. Qf3 Qxf3 37. gxf3 Ra2 38. Rb5 Rcc2 39. Rf1 Rxa4 40. Rxd5 Rd2 41. Kg2 Raxd4 42. Rxd4 Rxd4 43. Kg3 Rd5 44. Rh1 Kh7 45. f4 g6 46. hxg6+ Kxg6 47. Ra1 h5 48. Ra6+ f6 1/2-1/2


[Site "https://www.chess.com"]

[Event "Titled Tuesday Blitz August 22 Early 2023"]
[White "Vachier-Lagrave, Maxime"]
[Black "Kevlishvili, Robby"]
[WhiteFideId "623539"]
[BlackFideId "1040634"]
[WhiteElo "3138"]
[BlackElo "2980"]
[Result "1-0"]
[Round "6"]
[TimeControl "180+1"]
[Date "2023.08.22"]
[WhiteClock "0:00:59"]
[BlackClock "0:00:01"]
[Board "5"]

1. Nf3 d5 2. g3 c6 3. Bg2 Bg4 4. O-O e6 5. h3 Bxf3 6. Bxf3 Nd7 7. d3 Bd6 8. Nd2 Ne7 9. e4 O-O 10. d4 a5 11. e5 Bc7 12. Be2 c5 13. c3 f6 14. exf6 Rxf6 15. Nf3 h6 16. Kg2 e5 17. dxe5 Nxe5 18. Nxe5 Bxe5 19. Re1 Rf8 20. Bg4 Bf6 21. Be6+ Kh8 22. Qh5 Qe8 23. Qxe8 Rfxe8 24. Bf4 d4 25. cxd4 cxd4 26. Rad1 Nc6 27. a3 d3 28. Bc1 d2 29. Bxd2 Bxb2 30. a4 Rad8 31. Bg4 Rxe1 32. Bxe1 Rxd1 33. Bxd1 Bd4 34. Bf3 Bb6 35. Bd5 Nb4 36. Be4 Kg8 37. Bc3 Kf7 38. Bxb7 Nd3 39. f4 Nc5 40. Bc6 Ne6 41. Bd5 g6 42. Kf3 Ke7 43. Bxe6 Kxe6 44. Ke4 h5 45. g4 hxg4 46. hxg4 Bc7 47. f5+ gxf5+ 48. gxf5+ Kd7 49. Kd5 Bd8 50. Kc5 Be7+ 51. Kb5 Kc7 52. Bxa5+ Kb7 53. Bc3 Bg5 54. Kc4 Ka6 55. Kd5 Kb7 56. Ke6 Kc6 57. Bb4 Bh4 58. Be7 Bf2 59. f6 Bd4 60. f7 Bg7 61. a5 Bh6 62. a6 Kb6 63. Kf5 Kxa6 64. Kg6 1-0


[Site "https://www.chess.com"]

[Event "Titled Tuesday Blitz August 22 Early 2023"]
[White "Nihal Sarin"]
[Black "Paravyan, David"]
[WhiteFideId "25092340"]
[BlackFideId "4194985"]
[WhiteElo "3130"]
[BlackElo "2973"]
[Result "1-0"]
[Round "6"]
[TimeControl "180+1"]
[Date "2023.08.22"]
[WhiteClock "0:00:06"]
[BlackClock "0:00:00"]
[Board "6"]

1. c4 c5 2. Nc3 Nc6 3. g3 g6 4. Bg2 Bg7 5. d3 Nf6 6. e3 O-O 7. Nge2 b6 8. O-O Bb7 9. b3 Na5 10. Bxb7 Nxb7 11. e4 e6 12. f4 d5 13. e5 Ne8 14. cxd5 exd5 15. d4 Nc7 16. Be3 Qd7 17. Qd3 f5 18. Rfd1 Rad8 19. Rac1 Ne6 20. dxc5 Nbxc5 21. Qxd5 Qf7 22. Qc4 g5 23. Bxc5 bxc5 24. Nb5 Kh8 25. Nd6 Qg6 26. Kh1 h5 27. Qd5 Kh7 28. Qf3 h4 29. gxh4 g4 30. Qd5 Bh6 31. Rf1 Rd7 32. h5 Qg8 33. Rc4 Rg7 34. Ng3 Nd4 35. Rxc5 Qxd5+ 36. Rxd5 Nf3 37. Ndxf5 Rc7 38. Ne3 Bxf4 39. Nxg4 Bxg3 40. hxg3 Rc2 41. Rd7+ Kh8 42. Rf2 Rxf2 43. Nxf2 Nxe5 44. Rd5 Nf7 45. Rf5 Kg7 46. Ng4 Rd8 47. Ra5 Rd7 48. Kg2 Rd2+ 49. Kf3 Rd3+ 50. Kg2 Rd7 51. Kh3 Re7 52. b4 Rb7 53. a3 Re7 54. Kh4 Re1 55. Kh3 Re7 56. Ra6 Rc7 57. Nf6 Rc1 58. Ne4 Rc4 59. Nd6 Ng5+ 60. Kg2 Rc2+ 61. Kf1 Nf3 62. Nf5+ Kf7 63. h6 Rd2 64. Nh4 Nh2+ 65. Ke1 Ra2 66. h7 1-0


[Site "https://www.chess.com"]

[Event "Titled Tuesday Blitz August 22 Early 2023"]
[White "Esipenko, Andrey"]
[Black "So, Wesley"]
[WhiteFideId "24175439"]
[BlackFideId "5202213"]
[WhiteElo "2949"]
[BlackElo "3112"]
[Result "1-0"]
[Round "6"]
[TimeControl "180+1"]
[Date "2023.08.22"]
[WhiteClock "0:00:39"]
[BlackClock "0:00:26"]
[Board "7"]

1. e4 c5 2. Nf3 d6 3. Bb5+ Nd7 4. O-O a6 5. Bxd7+ Bxd7 6. c3 Nf6 7. Re1 Bc6 8. d4 Bxe4 9. Bg5 Bxf3 10. Qxf3 d5 11. Bxf6 gxf6 12. Qxf6 Rg8 13. Nd2 Rg6 14. Qf5 e6 15. Nf3 Qf6 16. Qxd5 Rb8 17. g3 cxd4 18. cxd4 Be7 19. Qe4 h5 20. Rac1 Rg4 21. Qe3 Bd6 22. d5 Bf4 23. Qc3 Ke7 24. dxe6 fxe6 25. Nd4 Bxg3 26. hxg3 1-0


[Site "https://www.chess.com"]

[Event "Titled Tuesday Blitz August 22 Early 2023"]
[White "Grischuk, Alexander"]
[Black "Demchenko, Anton"]
[WhiteFideId "4126025"]
[BlackFideId "4160258"]
[WhiteElo "3040"]
[BlackElo "2935"]
[Result "0-1"]
[Round "6"]
[TimeControl "180+1"]
[Date "2023.08.22"]
[WhiteClock "0:00:00"]
[BlackClock "0:00:02"]
[Board "8"]

1. d4 Nf6 2. Nf3 d6 3. g3 g6 4. Bg2 Bg7 5. c4 O-O 6. Nc3 Nbd7 7. O-O e5 8. e4 exd4 9. Nxd4 Re8 10. Re1 Nc5 11. h3 a5 12. Bf4 Nfd7 13. b3 Ne5 14. Be3 a4 15. Rb1 axb3 16. axb3 c6 17. Qc2 Ned3 18. Red1 Nb4 19. Qd2 Qa5 20. Nde2 Ncd3 21. Na4 Ra6 22. Bd4 Bf8 23. Bc3 b5 24. Nb2 bxc4 25. Nxd3 cxd3 26. Bxb4 Qb5 27. Nf4 Bb7 28. Bc3 c5 29. Qxd3 Qxd3 30. Rxd3 Bxe4 31. Bxe4 Rxe4 32. Nd5 Re2 33. Re3 Rxe3 34. Nxe3 f5 35. Kf1 Kf7 36. Ke2 Ke6 37. Kd3 d5 38. Bb2 Bd6 39. Re1 Bc7 40. Kc2 Kd6 41. Rd1 d4 42. Nc4+ Kd5 43. Re1 Ra8 44. Re7 Bd8 45. Rd7+ Kc6 46. Rxh7 Bc7 47. Rg7 Re8 48. Rxg6+ Kb5 49. Kd2 Kb4 50. Ba3+ Kxb3 51. Bxc5 Kxc4 52. Rc6 Ba5+ 53. Kc1 Re1+ 54. Kc2 d3+ 0-1


[Site "https://www.chess.com"]

[Event "Titled Tuesday Blitz August 22 Early 2023"]
[White "Martinez Alcantara, Jose Eduardo"]
[Black "Kamsky, Gata"]
[WhiteFideId "3805662"]
[BlackFideId "2000024"]
[WhiteElo "3037"]
[BlackElo "2927"]
[Result "1/2-1/2"]
[Round "6"]
[TimeControl "180+1"]
[Date "2023.08.22"]
[WhiteClock "0:00:14"]
[BlackClock "0:00:08"]
[Board "9"]

1. e4 c5 2. Nf3 e6 3. c3 d5 4. e5 d4 5. g3 Bd7 6. Bg2 Bc6 7. O-O Ne7 8. cxd4 Nf5 9. dxc5 Qd3 10. Qb3 Qxb3 11. axb3 Bxc5 12. Rd1 Nd4 13. Nxd4 Bxd4 14. Nc3 O-O 15. b4 Nd7 16. Bxc6 bxc6 17. Ne2 Bxe5 18. d4 Bd6 19. Bd2 Rfb8 20. Ra4 Nb6 21. Ra6 Nd5 22. Rxc6 Bxb4 23. Nf4 Nxf4 24. Bxf4 Rd8 25. Ra6 Rd7 26. Be3 h5 27. Rc1 Be7 28. Rca1 Bf6 29. R1a4 Kh7 30. R6a5 Kg6 31. Rb5 Rc8 32. b3 Rcd8 33. Rbb4 Rc8 34. Kg2 Rc2 35. Kf3 Rb2 36. Rb8 Kh7 37. Ra5 g6 38. Ra4 Kg7 39. h3 Rb1 40. g4 hxg4+ 41. hxg4 g5 42. Rc4 Rd1 43. Rcc8 Kg6 44. Rg8+ Bg7 45. Rb5 Kh7 46. Ra8 Bxd4 47. Rxg5 Bxe3 48. fxe3 R1d3 49. b4 Rb3 50. b5 Rdd3 51. Re5 Rd7 52. Rc8 Kg7 53. Rcc5 Kf6 54. g5+ Kg6 55. Rc6 Kg7 56. Ra6 Rb7 57. Ra5 Rd7 58. Kf4 Rb4+ 59. Kf3 Rb3 60. Re4 Rd5 61. Rxa7 Rbxb5 62. Rf4 Rf5 63. e4 Rxf4+ 64. Kxf4 Kg6 65. Ra8 Rb1 66. Rg8+ Kh7 67. Ra8 Kg7 68. Rc8 Rf1+ 69. Ke5 Rf3 70. Rd8 Rf2 71. Rc8 Rg2 72. Kf4 Rg1 73. Rb8 Rf1+ 74. Ke5 Rh1 75. Kf4 Rh4+ 76. Kf3 Rh3+ 77. Kg4 Re3 78. Kf4 Re1 79. Rc8 Rf1+ 80. Kg4 e5 81. Rc4 Rf4+ 82. Kh5 Kh7 83. Rb4 Kg7 84. Rc4 Rf2 85. Rc5 Rh2+ 86. Kg4 Rg2+ 87. Kf5 Rf2+ 88. Kxe5 Kg6 89. Kd6 Rg2 90. Ke7 Re2 91. e5 Re4 92. Rd5 Kg7 93. Kd6 Rg4 94. Rc5 Rxg5 95. Rc7 Rg6+ 96. Kd5 Re6 97. Rc3 Kg6 98. Rg3+ Kf5 99. Rf3+ Kg6 100. Rf1 Re8 101. Kd6 Re6+ 102. Kd5 Re8 103. Rf6+ Kg7 104. Ke4 Ra8 105. Rf1 Ra2 106. Rg1+ Kf8 107. Rh1 Re2+ 108. Kd5 Rd2+ 109. Kc5 Re2 110. Kd6 Rd2+ 111. Kc6 Ke7 112. Rh6 Rd1 113. Kc5 Rd2 114. Ra6 Rd1 115. Kc4 Rd2 116. Rb6 Rd1 117. Rh6 Rd2 118. Ra6 Rd1 119. Kc5 Rd2 120. Kc4 Rd1 121. Rf6 Rd2 122. Rf1 Rd8 123. Kc5 Rd7 124. Rf6 Rd8 125. Rf5 Ke6 126. Rf6+ Ke7 127. Kc4 Rd1 128. Rf2 Re1 129. Kd4 Rd1+ 130. Ke4 Re1+ 131. Kf5 Rd1 132. Ra2 Rf1+ 133. Ke4 Re1+ 134. Kf5 Rf1+ 135. Ke4 Re1+ 136. Kd5 Rd1+ 137. Ke4 Re1+ 1/2-1/2


[Site "https://www.chess.com"]